 Dungeon Sprint DCSS version 0.17-a0-1718-g72dbe4d (webtiles) character file.

72039 Kidiri the Hoplite (level 15, -1/147 HPs)
             Began as a Minotaur Fighter on Aug 24, 2015.
             Was the Champion of Okawaru.
             Engulfed by a red draconian's flame (6 damage)
             ... in the Dungeon (Sprint VII: "The Pits").
             The game lasted 00:29:16 (4901 turns).

Kidiri the Hoplite (Minotaur Fighter)               Turns: 4901, Time: 00:29:16

Health: -1/147     AC: 39    Str: 34    XL:     15   Next: 0%
Magic:  0/24       EV: 21    Int:  6    God:    Okawaru [******]
Gold:   99         SH: 28    Dex: 16    Spells: 0 memorised, 14 levels left

rFire  + . .     SeeInvis +     y - +4 war axe (freeze)
rCold  + . .     Clarity  .     s - +0 crystal plate armour
rNeg   . . .     SustAt   .     C - +1 large shield
rPois  .         Gourm    .     M - +2 hat {Int+3}
rElec  .         Spirit   +     w - +1 cloak
rCorr  .         Warding  .     H - +1 pair of gloves {Str+3}
rMut   .         NoTele   +     z - +1 pair of boots
MR     +....                    G - amulet of guardian spirit
Stlth  ..........               g - ring "Mavidixu" {rF+ rC+}
                                F - ring of see invisible

@: mighty, agile, exhausted, very slightly contaminated, somewhat resistant to
hostile enchantments, extremely unstealthy
A: retaliatory headbutt, horns 2, dopey 1
a: Heroism, Finesse, Renounce Religion


You were in the Dungeon.
You worshipped Okawaru.
Okawaru was exalted by your worship.
You were not hungry.

You visited 1 branch You collected 99 gold pieces.

Inventory:

Hand weapons
 t - a +4 flail of crushing
 y - a +4 war axe of freezing (weapon)
Armour
 b - the +5 plate armour of Bitterness {rN+ MP+9 Stlth+}
   (Okawaru gifted it to you in the Dungeon)

   It protects you from negative energy.
   It affects your magic capacity (+9).
   It makes you more stealthy.
 c - a +2 gold dragon armour
 s - a +0 crystal plate armour (worn)
 w - a +1 cloak (worn)
 z - a +1 pair of boots (worn)
 C - a +1 large shield (worn)
 H - a +1 pair of gloves of strength (worn)
 M - a +2 hat of intelligence (worn)
Jewellery
 a - an uncursed amulet of resist mutation
 g - the ring "Mavidixu" (right hand) {rF+ rC+}
   (You found it in the Dungeon)

   [ring of protection from cold]

   It protects you from fire.
   It protects you from cold.
 F - a ring of see invisible (left hand)
 G - an amulet of guardian spirit (around neck)
Scrolls
 k - 2 scrolls of blinking
 p - 2 scrolls of remove curse
 q - 5 scrolls of amnesia
 r - a scroll of summoning
 B - 2 scrolls of recharging
 E - a scroll of fog
Potions
 f - a potion of curing
 h - 2 potions of haste
 i - a potion of magic
 j - 2 potions of berserk rage
 o - 2 potions of invisibility
 u - a potion of agility
 v - a potion of brilliance
 x - a potion of cure mutation
 A - 2 potions of flight
Comestibles
 d - 2 chunks of flesh
 e - 6 bread rations
 m - 40 fruits
 n - 12 meat rations
 D - 6 royal jellies


   Skills:
 + Level 17.2 Fighting
 * Level 22.7 Axes
 * Level 22.8 Armour
 + Level 15.7 Dodging
 * Level 22.9 Shields
 + Level 14.5 Invocations


You had 14 spell levels left.
You didn't know any spells.

Dungeon Overview and Level Annotations

Branches:
Dungeon (1/1)

Altars:
Ashenzari
Cheibriados
Dithmenos
Elyvilon
Fedhas
Gozag
Kikubaaqudgha
Makhleb
Nemelex Xobeh
Okawaru
Qazlal
Ru
Sif Muna
Trog
Vehumet
Xom
Yredelemnul
Zin
The Shining One
Beogh
Jiyva
Lugonu


Innate Abilities, Weirdness & Mutations

You reflexively headbutt those who attack you in melee.
You have a pair of horns on your head.
You are dopey. (Int -2)


Message History

You see here a titan corpse.
You butcher the titan corpse.
The hell knight points at you and mumbles some strange words.
The puff of flame misses you.
There is a large open door, spattered with blood here.
Things that are here:
3 chunks of flesh; a titan skeleton
d - 3 chunks of flesh Unknown command.
Things that are here:
6 silver tomahawks; a mace Eat one of 3 chunks of flesh? (ye/n/q/i?) This raw flesh tastes terrible.
You continue eating.
The red draconian breathes flames at you.
The searing blast hits you! You resist.
* * * LOW HITPOINT WARNING * * *
You continue eating.
You are engulfed in roaring flames.
You resist.
You die...

#..........##..#..#....)212ppY)
+..#....#..##''#''#..##########
+..........##........#
#..........##.....d..#
###..#....#..##..#..#..#
.++..........##........#
.++..........##).p.....#
.##..#.)..#..##)รท#''#..#
.##....)[....++[@#..#....
.##....[.....++..#..#.....
.####++####++#############
.####++####++####################
.##......##....................).
.##.#+##.##......................
.##.#.=+.##..##############++####
.##.+.}#.##..#))+...+))#..)))[..#
###.#..+.##..#))#...#))#..))....#


You could see a red draconian and a hell knight.

Vanquished Creatures
  Mnoleg (D)
  A profane servitor (D)
  A bone dragon (D)
  Rupert (D)
  2 deep elf blademasters (D)
  A titan (D)
  An Executioner (D)
  Kirke (D)
  2 orc warlords (D)
  A deep elf sorcerer (D)
  An angel (D)
  2 black draconians (D)
  A deep elf demonologist (D)
  2 blizzard demons (D)
  2 green deaths (D)
  2 vault guards (D)
  A death ooze (D)
  A hydra (D)
  2 minotaurs (D)
  A yaktaur captain (D)
  4 naga warriors (D)
  A merfolk avatar (D)
  A death knight (D)
  An ice dragon (D)
  A deep troll shaman (D)
  3 death yaks (D)
  2 vampire magi (D)
  A spriggan berserker (D)
  4 hell knights (D)
  A deep elf knight (D)
  2 shadow wraiths (D)
  2 iron trolls (D)
  A skeletal warrior (D)
  A sea snake (D)
  A deep troll (D)
  9 orc knights (D)
  Pikel (D)
  2 necromancers (D)
  A wizard (D)
  An ugly thing (D)
  An orc sorcerer (D)
  2 hornets (D)
  An orange demon (D)
  An eye of devastation (D)
  A moth of wrath (D)
  A guardian serpent (shapeshifter) (D)
  A kobold demonologist (D)
  A yaktaur (D)
  A demonic crawler (D)
  A guardian mummy (D)
  2 tormentors (D)
  3 trolls (D)
  A komodo dragon (D)
  A freezing wraith (D)
  A polar bear (D)
  4 blink frogs (D)
  A flying skull (D)
  A trapdoor spider (D)
  2 fire elementals (D)
  A redback (D)
  4 vampires (D)
  2 basilisks (D)
  A spriggan (D)
  A deep elf mage (D)
  A fire bat (D)
  A steam dragon (D)
  A golden eye (D)
  A deep elf fighter (D)
  14 yaks (D)
  6 vampire mosquitoes (D)
  3 nagas (D)
  A neqoxec (D)
  A hippogriff (D)
  A wolf (D)
  A swamp drake (D)
  2 orc warriors (D)
  An ice beast (D)
  2 necrophages (D)
  3 slaves (D)
  2 hell hounds (D)
  A black bear (D)
  A phantom (D)
  2 wasps (D)
  A sky beast (D)
  A centaur (D)
  A brain worm (D)
  A scorpion (D)
  7 killer bees (D)
  A jelly (D)
  2 hounds (D)
  2 hell rats (D)
  4 worker ants (D)
  A small abomination (D)
  2 adders (D)
  2 river rats (D)
  A gnoll (D)
  An ufetubus (D)
  An ooze (D)
  5 orcs (D)
  A bat simulacrum (D)
  A bat skeleton (D)
  2 goblins (D)
  2 jackals (D)
  A bat (D)
  A giant gecko simulacrum (D)
  A giant newt (D)
  A kobold (D)
  A rat (D)
192 creatures vanquished.

Vanquished Creatures (others)
  7 humans (D)
  A slave (D)
  A killer bee (D)
  An adder simulacrum (D)
  An orc (D)
11 creatures vanquished.

Grand Total: 203 creatures vanquished

Notes
Turn   | Place    | Note
--------------------------------------------------------------
     0 | D        | Kidiri the Minotaur Fighter began the quest for the Orb.
     0 | D        | Reached XP level 1. HP: 19/19 MP: 0/0
    43 | D        | Found a sacrificial altar of Ru.
    43 | D        | Found a basalt altar of Yredelemnul.
    43 | D        | Found a shadowy altar of Dithmenos.
    43 | D        | Found a deep blue altar of Sif Muna.
    43 | D        | Found a burning altar of Makhleb.
    43 | D        | Found a shimmering altar of Xom.
    43 | D        | Found an ancient bone altar of Kikubaaqudgha.
    43 | D        | Found a sparkling altar of Nemelex Xobeh.
    44 | D        | Found a glowing golden altar of the Shining One.
    44 | D        | Found a bloodstained altar of Trog.
    44 | D        | Found a shattered altar of Ashenzari.
    44 | D        | Found a white marble altar of Elyvilon.
    44 | D        | Found a snail-covered altar of Cheibriados.
    44 | D        | Found a blossoming altar of Fedhas.
    44 | D        | Found a radiant altar of Vehumet.
    44 | D        | Found a glowing silver altar of Zin.
    44 | D        | Found a corrupted altar of Lugonu.
    44 | D        | Found a viscous altar of Jiyva.
    44 | D        | Found a roughly hewn altar of Beogh.
    44 | D        | Found an iron altar of Okawaru.
    50 | D        | Found a stormy altar of Qazlal.
    50 | D        | Found an opulent altar of Gozag.
    53 | D        | Became a worshipper of Warmaster Okawaru
   102 | D        | Reached skill level 4 in Armour
   139 | D        | Reached skill level 1 in Dodging
   252 | D        | Reached skill level 1 in Invocations
   252 | D        | Reached XP level 2. HP: 25/28 MP: 1/1
   253 | D        | Noticed a worker ant
   253 | D        | Noticed a worker ant
   253 | D        | Noticed a fire bat
   259 | D        | Killed a worker ant
   259 | D        | Reached skill level 5 in Armour
   259 | D        | Reached skill level 5 in Shields
   259 | D        | Reached XP level 3. HP: 19/34 MP: 1/3
   260 | D        | Killed a worker ant
   264 | D        | Killed a fire bat
   264 | D        | Acquired Okawaru's first power
   264 | D        | Reached skill level 6 in Fighting
   264 | D        | Reached skill level 7 in Armour
   264 | D        | Reached XP level 4. HP: 19/44 MP: 1/5
   264 | D        | Reached XP level 5. HP: 21/50 MP: 1/6
   592 | D        | Noticed a worker ant
   592 | D        | Noticed a sky beast
   592 | D        | Noticed a flying skull
   602 | D        | Killed a worker ant
   610 | D        | Killed a sky beast
   610 | D        | Reached skill level 8 in Armour
   610 | D        | Reached XP level 6. HP: 14/58 MP: 5/8
   621 | D        | Killed a flying skull
   621 | D        | Reached skill level 9 in Armour
   621 | D        | Reached skill level 5 in Dodging
   890 | D        | Noticed a brain worm
   893 | D        | Killed a brain worm
   893 | D        | Reached XP level 7. HP: 66/66 MP: 6/9
   900 | D        | Noticed an orc warrior
   916 | D        | Killed an orc warrior
   916 | D        | Reached skill level 5 in Invocations
  1086 | D        | Noticed an ice beast
  1086 | D        | Noticed a steam dragon
  1086 | D        | Noticed a troll
  1097 | D        | Killed a troll
  1097 | D        | Reached skill level 10 in Armour
  1097 | D        | Reached skill level 10 in Shields
  1098 | D        | Killed an ice beast
  1098 | D        | Reached skill level 10 in Axes
  1098 | D        | Killed a steam dragon
  1098 | D        | Reached XP level 8. HP: 46/74 MP: 7/11
  1231 | D        | Noticed a slave
  1231 | D        | Noticed a slave
  1231 | D        | Noticed a worker ant
  1232 | D        | Noticed Pikel
  1232 | D        | Noticed a slave
  1233 | D        | Noticed a slave
  1235 | D        | Killed a worker ant
  1240 | D        | Killed Pikel
  1240 | D        | Reached skill level 11 in Axes
  1240 | D        | Killed a slave
  1253 | D        | Noticed a hippogriff
  1255 | D        | Noticed a scorpion
  1262 | D        | Killed a hippogriff
  1264 | D        | Killed a scorpion
  1270 | D        | Noticed a small abomination
  1274 | D        | Killed a freed slave
  1277 | D        | Noticed an orc warrior
  1280 | D        | Killed a small abomination
  1286 | D        | Killed an orc warrior
  1315 | D        | Noticed a yak
  1315 | D        | Noticed a yak
  1315 | D        | Noticed a yak
  1315 | D        | Noticed a yak
  1315 | D        | Noticed a hound
  1316 | D        | Noticed a yak
  1325 | D        | Killed a yak
  1325 | D        | Reached XP level 9. HP: 83/83 MP: 10/13
  1326 | D        | Noticed a vampire mage
  1327 | D        | Killed a yak
  1327 | D        | Reached skill level 12 in Armour
  1329 | D        | Killed a yak
  1330 | D        | Killed a hound
  1333 | D        | Killed a yak
  1337 | D        | Killed a yak
  1351 | D        | Killed a vampire mage
  1351 | D        | Acquired Okawaru's second power
  1578 | D        | Noticed a hound
  1578 | D        | Noticed a vampire mosquito
  1578 | D        | Noticed a vampire mosquito
  1578 | D        | Noticed a vampire mosquito
  1593 | D        | Killed a vampire mosquito
  1593 | D        | Reached skill level 13 in Armour
  1598 | D        | Killed a vampire mosquito
  1598 | D        | Reached skill level 10 in Fighting
  1598 | D        | Killed a hound
  1600 | D        | Killed a vampire mosquito
  1617 | D        | Noticed a hell rat
  1618 | D        | Noticed a wasp
  1619 | D        | Noticed a sea snake
  1619 | D        | Noticed a demonic crawler
  1627 | D        | Killed a sea snake
  1627 | D        | Reached XP level 10. HP: 92/94 MP: 13/15
  1628 | D        | Killed a wasp
  1629 | D        | Killed a hell rat
  1639 | D        | Killed a demonic crawler
  1660 | D        | Noticed a guardian mummy
  1660 | D        | Noticed a necrophage
  1666 | D        | Killed a guardian mummy
  1671 | D        | Killed a necrophage
  1695 | D        | Noticed a freezing wraith
  1695 | D        | Noticed a five-headed hydra
  1701 | D        | Killed a six-headed hydra
  1701 | D        | Received a gift from Okawaru
  1701 | D        | Received a gift from Okawaru
  1701 | D        | Reached skill level 14 in Armour
  1702 | D        | Noticed a merfolk avatar
  1709 | D        | Killed a freezing wraith
  1722 | D        | Killed a merfolk avatar
  1725 | D        | Noticed a trapdoor spider
  1731 | D        | Killed a trapdoor spider
  1849 | D        | Noticed a killer bee
  1849 | D        | Noticed a killer bee
  1850 | D        | Noticed a yak
  1850 | D        | Noticed a killer bee
  1850 | D        | Noticed a wolf
  1850 | D        | Noticed a blink frog
  1851 | D        | Noticed a yak
  1851 | D        | Noticed a redback
  1851 | D        | Noticed a blink frog
  1851 | D        | Noticed a phantom
  1852 | D        | Noticed a blink frog
  1852 | D        | Killed a wolf
  1853 | D        | Noticed a killer bee
  1853 | D        | Noticed a deep elf fighter
  1853 | D        | Noticed a killer bee
  1853 | D        | Noticed a killer bee
  1853 | D        | Noticed a black bear
  1854 | D        | Noticed a jelly
  1854 | D        | Noticed a yak
  1854 | D        | Noticed a yak
  1854 | D        | Killed a killer bee
  1855 | D        | Killed a killer bee
  1857 | D        | Noticed a swamp drake
  1857 | D        | Noticed a killer bee
  1857 | D        | Killed a blink frog
  1857 | D        | Killed a killer bee
  1858 | D        | Noticed a komodo dragon
  1858 | D        | Noticed a blink frog
  1858 | D        | Killed a blink frog
  1860 | D        | Noticed a yak
  1860 | D        | Killed a redback
  1861 | D        | Noticed a yak
  1862 | D        | Noticed a yak
  1863 | D        | Noticed a yak
  1863 | D        | Killed a killer bee
  1863 | D        | Killed a killer bee
  1864 | D        | Killed a black bear
  1865 | D        | Noticed a yak
  1865 | D        | Killed a yak
  1865 | D        | Reached skill level 15 in Shields
  1865 | D        | Reached XP level 11. HP: 95/102 MP: 9/16
  1866 | D        | Killed a yak
  1866 | D        | Reached skill level 15 in Armour
  1867 | D        | Killed a killer bee
  1867 | D        | Reached skill level 10 in Dodging
  1867 | D        | Killed a killer bee
  1868 | D        | Killed a blink frog
  1869 | D        | Noticed a killer bee
  1869 | D        | Killed a blink frog
  1873 | D        | Killed a killer bee
  1879 | D        | Killed a yak
  1881 | D        | Killed a phantom
  1881 | D        | Killed a jelly
  1881 | D        | Reached skill level 15 in Axes
  1883 | D        | Killed a swamp drake
  1886 | D        | Killed a yak
  1898 | D        | Killed a deep elf fighter
  1898 | D        | Killed a yak
  1904 | D        | Killed a yak
  1905 | D        | Killed a yak
  1906 | D        | Killed a komodo dragon
  1912 | D        | Killed a yak
  1916 | D        | Noticed a polar bear
  1924 | D        | Killed a yak
  1934 | D        | Killed a polar bear
  2234 | D        | Killed a freed slave
  2284 | D        | Killed a freed slave
  2419 | D        | Noticed a troll
  2425 | D        | Killed a troll
  2441 | D        | Noticed a minotaur
  2441 | D        | Noticed a hornet
  2448 | D        | Killed a hornet
  2455 | D        | Killed a minotaur
  2468 | D        | Noticed a hell rat
  2469 | D        | Noticed a neqoxec
  2472 | D        | Killed a hell rat
  2484 | D        | Killed a neqoxec
  2496 | D        | Noticed a spriggan rider
  2503 | D        | Killed a wasp
  2506 | D        | Killed a spriggan
  2506 | D        | Reached skill level 16 in Armour
  2521 | D        | Noticed a centaur
  2522 | D        | Noticed a fire elemental
  2522 | D        | Noticed a shadow wraith
  2525 | D        | Killed a centaur
  2530 | D        | Killed a fire elemental
  2538 | D        | Killed a shadow wraith
  2743 | D        | Noticed a hog
  2743 | D        | Noticed a kobold demonologist
  2743 | D        | Noticed a shadow wraith
  2743 | D        | Noticed a hell hound
  2743 | D        | Noticed Rupert
  2743 | D        | Noticed a basilisk
  2744 | D        | Noticed Kirke
  2744 | D        | Noticed a troll
  2746 | D        | Killed a hell hound
  2753 | D        | Killed a basilisk
  2753 | D        | Reached skill level 10 in Invocations
  2754 | D        | Noticed a moth of wrath
  2755 | D        | Killed a moth of wrath
  2757 | D        | Noticed a hog
  2757 | D        | Noticed a hell hound
  2774 | D        | Noticed a hog
  2795 | D        | Killed Kirke
  2795 | D        | Received a gift from Okawaru
  2795 | D        | Killed a human
  2799 | D        | Killed a human
  2809 | D        | Killed a human
  2809 | D        | Killed a human
  2812 | D        | Killed a human
  2812 | D        | Killed a human
  2814 | D        | Killed a human
  2819 | D        | Killed Rupert
  2819 | D        | Received a gift from Okawaru
  2819 | D        | Reached skill level 17 in Armour
  2819 | D        | Reached XP level 12. HP: 54/113 MP: 1/18
  2823 | D        | Killed a hell hound
  2825 | D        | Noticed a minotaur
  2829 | D        | Killed a minotaur
  2830 | D        | Noticed a skeletal warrior
  2831 | D        | Killed a kobold demonologist
  2840 | D        | Killed a skeletal warrior
  2844 | D        | Killed a troll
  2848 | D        | Killed a shadow wraith
  2850 | D        | Noticed a vampire
  2850 | D        | Noticed a wizard
  2851 | D        | Killed a vampire
  2853 | D        | Noticed an orange demon
  2854 | D        | Noticed a deep elf mage
  2859 | D        | Killed a wizard
  2861 | D        | Killed an orange demon
  2862 | D        | Noticed a deep elf demonologist
  2863 | D        | Killed a deep elf demonologist
  2867 | D        | Killed a deep elf mage
  2868 | D        | Noticed a basilisk
  2877 | D        | Noticed an orc sorcerer
  2880 | D        | Noticed a necrophage
  2883 | D        | Killed a basilisk
  2895 | D        | Killed an orc sorcerer
  2897 | D        | Killed a necrophage
  2954 | D        | Noticed a hornet
  2958 | D        | Killed a hornet
  3156 | D        | Noticed a death yak
  3156 | D        | Noticed a death yak
  3156 | D        | Noticed a death yak
  3156 | D        | Noticed a yaktaur
  3156 | D        | Noticed a profane servitor
  3156 | D        | Noticed a bone dragon
  3156 | D        | Noticed a vampire mage
  3168 | D        | Killed a death yak
  3168 | D        | Reached skill level 18 in Shields
  3196 | D        | Killed a death yak
  3197 | D        | Killed a bone dragon
  3204 | D        | Killed a profane servitor
  3204 | D        | Received a gift from Okawaru
  3204 | D        | Reached XP level 13. HP: 63/124 MP: 8/20
  3212 | D        | Killed a vampire mage
  3214 | D        | Killed a death yak
  3214 | D        | Reached skill level 19 in Shields
  3216 | D        | Killed a yaktaur
  3231 | D        | Noticed an ice dragon
  3240 | D        | Killed an ice dragon
  3244 | D        | Got the ring "Mavidixu" {rF+ rC+}
  3595 | D        | Noticed a vampire mosquito
  3595 | D        | Noticed an orc knight
  3595 | D        | Noticed an orc knight
  3595 | D        | Noticed an orc knight
  3595 | D        | Noticed an orc knight
  3595 | D        | Noticed an orc knight
  3596 | D        | Noticed a vampire mosquito
  3596 | D        | Noticed a vampire mosquito
  3596 | D        | Noticed an orc knight
  3596 | D        | Noticed an orc knight
  3596 | D        | Noticed an orc warlord
  3596 | D        | Noticed an orc warlord
  3598 | D        | Noticed an orc knight
  3601 | D        | Killed a vampire mosquito
  3601 | D        | Killed a vampire mosquito
  3604 | D        | Killed a vampire mosquito
  3611 | D        | Killed an orc knight
  3614 | D        | Killed an orc knight
  3616 | D        | Noticed a vampire
  3621 | D        | Killed an orc knight
  3626 | D        | Killed an orc knight
  3629 | D        | Killed an orc warlord
  3629 | D        | Killed an orc knight
  3631 | D        | Killed an orc knight
  3639 | D        | Killed an orc knight
  3643 | D        | Killed an orc warlord
  3643 | D        | Received a gift from Okawaru
  3644 | D        | Got a polished plate armour {god gift}
  3647 | D        | Killed an orc knight
  3654 | D        | Killed a vampire
  3684 | D        | Identified the +5 plate armour of Bitterness {rN+ MP+9 Stlth+} (Okawaru gifted it to you in the Dungeon)
  3776 | D        | Noticed a naga warrior
  3779 | D        | Noticed a vault guard
  3781 | D        | Noticed a yaktaur captain
  3792 | D        | Killed a vault guard
  3799 | D        | Noticed a guardian serpent
  3799 | D        | Noticed a naga warrior
  3800 | D        | Noticed a naga warrior
  3804 | D        | Killed a naga warrior
  3804 | D        | Reached skill level 15 in Fighting
  3804 | D        | Reached skill level 20 in Shields
  3806 | D        | Killed a yaktaur captain
  3810 | D        | Killed a guardian serpent
  3822 | D        | Killed a naga warrior
  3825 | D        | Killed a naga warrior
  4060 | D        | Noticed a naga
  4060 | D        | Noticed a deep elf blademaster
  4061 | D        | Noticed a naga
  4062 | D        | Noticed a deep elf knight
  4062 | D        | Noticed a deep elf blademaster
  4062 | D        | Noticed an orc knight
  4065 | D        | Noticed a naga
  4066 | D        | Noticed a death knight
  4067 | D        | Noticed a naga warrior
  4070 | D        | Noticed a vault guard
  4076 | D        | Killed a naga
  4078 | D        | Killed an orc knight
  4080 | D        | Killed a deep elf knight
  4081 | D        | Killed a naga
  4084 | D        | Killed a naga
  4084 | D        | Killed a naga warrior
  4087 | D        | Killed a vault guard
  4088 | D        | Killed a deep elf blademaster
  4090 | D        | Killed a death knight
  4090 | D        | Reached XP level 14. HP: 57/135 MP: 6/22
  4096 | D        | Killed a deep elf blademaster
  4176 | D        | Noticed a vampire
  4181 | D        | Killed a vampire
  4380 | D        | Noticed a golden eye
  4382 | D        | Noticed a deep troll
  4382 | D        | Noticed an iron troll
  4382 | D        | Noticed an eye of devastation
  4382 | D        | Noticed a tormentor
  4383 | D        | Noticed a deep troll shaman
  4384 | D        | Noticed a vampire
  4391 | D        | Killed a golden eye
  4395 | D        | Killed a tormentor
  4395 | D        | Reached skill level 21 in Shields
  4410 | D        | Killed an iron troll
  4414 | D        | Killed a deep troll
  4416 | D        | Killed a deep troll shaman
  4418 | D        | Killed a vampire
  4423 | D        | Killed an eye of devastation
  4440 | D        | Noticed a black draconian
  4441 | D        | Noticed a blizzard demon
  4441 | D        | Noticed a tormentor
  4442 | D        | Noticed an iron troll
  4450 | D        | Killed a tormentor
  4455 | D        | Noticed a black draconian
  4460 | D        | Noticed a deep elf sorcerer
  4460 | D        | Noticed an angel
  4460 | D        | Killed a blizzard demon
  4460 | D        | Received a gift from Okawaru
  4463 | D        | Noticed a fire elemental
  4468 | D        | Killed a black draconian
  4470 | D        | Killed a deep elf sorcerer
  4476 | D        | Killed an iron troll
  4498 | D        | Killed an angel
  4498 | D        | Received a gift from Okawaru
  4498 | D        | Killed a fire elemental
  4507 | D        | Killed a black draconian
  4784 | D        | Noticed a spriggan berserker
  4784 | D        | Noticed a death ooze
  4785 | D        | Noticed a blizzard demon
  4786 | D        | Killed a death ooze
  4791 | D        | Killed a spriggan berserker
  4795 | D        | Killed a blizzard demon
  4801 | D        | Noticed a green death
  4803 | D        | Noticed Mnoleg
  4804 | D        | Noticed a hell knight
  4805 | D        | Noticed a reaper
  4805 | D        | Noticed a hell knight
  4806 | D        | Noticed a titan
  4807 | D        | Noticed a battleaxe of freezing
  4809 | D        | Killed a green death
  4810 | D        | Noticed a dire elephant
  4810 | D        | Noticed an apis
  4810 | D        | Noticed a hell knight
  4810 | D        | Noticed a necromancer
  4810 | D        | Noticed a green death
  4811 | D        | Noticed a hell knight
  4812 | D        | Noticed a red draconian
  4813 | D        | Noticed a red ugly thing
  4814 | D        | Noticed a hell knight
  4816 | D        | Noticed a hell knight
  4816 | D        | Noticed a hell knight
  4816 | D        | Noticed a hell knight
  4816 | D        | Noticed a necromancer
  4816 | D        | Noticed a hell knight
  4816 | D        | Noticed a hell knight
  4817 | D        | Noticed a hell knight
  4817 | D        | Noticed a necromancer
  4818 | D        | Noticed a hell knight
  4831 | D        | Noticed a tentacled monstrosity
  4833 | D        | Noticed a hell knight
  4833 | D        | Noticed a hell knight
  4837 | D        | Killed a hell knight
  4838 | D        | Killed a hell knight
  4839 | D        | Killed a tentacled monstrosity
  4840 | D        | Noticed an Executioner
  4842 | D        | Noticed a purple draconian
  4842 | D        | Killed a necromancer
  4842 | D        | Reached skill level 15 in Dodging
  4845 | D        | Gained mutation: You are dopey. (Int -2) [Mnoleg's mutagenic touch]
  4845 | D        | HP: 9/207 [Mnoleg (8)]
  4850 | D        | Killed a hell knight
  4850 | D        | Killed a necromancer
  4851 | D        | Killed a red ugly thing
  4851 | D        | Reached skill level 22 in Shields
  4851 | D        | HP: 4/207 [reaper/scythe of protection (6)]
  4856 | D        | HP: 1/207 [titan/the air (5)]
  4858 | D        | Noticed a necromancer
  4858 | D        | Killed Mnoleg
  4880 | D        | HP: 7/140 [Executioner (12)]
  4885 | D        | Killed a green death
  4887 | D        | Killed a hell knight
  4889 | D        | Killed an Executioner
  4894 | D        | Killed a titan
  4894 | D        | Received a gift from Okawaru
  4894 | D        | Reached XP level 15. HP: 10/147 MP: 1/24
  4900 | D        | HP: 5/147 [red draconian/searing blast (7)]
  4901 | D        | Engulfed by a red draconian's flame

Vault maps used:
D:        pitsprint

Action                   |  1- 3 |  4- 6 |  7- 9 | 10-12 | 13-15 || total
-------------------------+-------+-------+-------+-------+-------++-------
Melee: War axe           |    15 |    33 |   114 |   289 |   279 ||   730
       Flail             |       |       |       |     5 |       ||     5
       Unarmed           |       |       |       |    33 |       ||    33
Invok: Heroism           |       |     2 |     4 |     6 |     6 ||    18
       Finesse           |       |       |       |     4 |     5 ||     9
  Use: Potion            |     1 |     1 |     2 |     7 |    27 ||    38
       Scroll            |       |       |       |     9 |     3 ||    12
 Stab: Sleeping          |       |       |     1 |       |       ||     1
       Distracted        |       |       |       |     1 |       ||     1
       Confused          |       |       |       |     1 |       ||     1
  Eat: Chunk             |       |       |     2 |     2 |     4 ||     8
       Bread ration      |       |       |     1 |       |     1 ||     2
